General information
			
			
        
        - name: BNet
 
        - type: Ladder 1vs1/FFA
 
        - host: Battle.net
 
        - saver: MrFrosty
 
        
map: TirisfalGlades 
        - players: 2
 
        - length: 11:15
 
        - speed: Fast
 - version: 1.21 W3XP
 - replay type:  Public
 
» download(40 KB)
Players
        team 1 (loser) 
              
              
» 
NoKeyboard (
yellow | 98 APM | 1092 actions | 11:09)
              
 2 Archmage 
 1 Summon Water Elemental
 1 Brilliance Aura
 1 Mountain King 
 1 Storm Bolt
 
                » actions 
                
                | Assign group hotkey | 21 |  | 
| Basic commands | 16 |  | 
| Build / train | 43 |  | 
| ESC pressed | 3 |  | 
| Enter build submenu | 16 |  | 
| Enter hero's abilities submenu | 3 |  | 
| Right click | 502 |  | 
| Select / deselect | 322 |  | 
| Select group hotkey | 107 |  | 
| Use ability | 59 |  | 
                1092 total
 » units 
                » upgrades
                » buildings
                
                | Altar of Kings | 1 |  | 
| Barracks | 1 |  | 
| Farm | 4 |  | 
| Scout Tower | 7 |  | 
| Lumber Mill | 1 |  | 
| Arcane Tower | 2 |  | 
| Guard Tower | 4 |  | 
| Keep | 1 |  | 
| Castle | 1 |  | 
                22 total
 » build order
                00:07 Altar of Kings
00:21 Barracks
00:35 Farm
00:49 Farm
01:50 Farm
03:29 Scout Tower
03:53 Lumber Mill
04:01 Arcane Tower
05:01 Scout Tower
05:12 Scout Tower
05:28 Guard Tower
05:31 Scout Tower
05:40 Guard Tower
05:48 Scout Tower
06:02 Arcane Tower
06:05 Guard Tower
06:14 Keep
06:28 Guard Tower
07:08 Scout Tower
07:10 Scout Tower
08:39 Castle
09:01 Farm
 
               team 2 (winner) 
              
              
MrFrosty (
teal | 91 APM | 1029 actions | 11:15)
              
 2 Archmage 
 1 Blizzard
 1 Brilliance Aura
 2 Blood Mage 
 1 Flame Strike
 1 Siphon Mana
 
                » actions 
                
                | Assign group hotkey | 14 |  | 
| Basic commands | 18 |  | 
| Build / train | 36 |  | 
| ESC pressed | 1 |  | 
| Enter build submenu | 19 |  | 
| Enter hero's abilities submenu | 4 |  | 
| Right click | 534 |  | 
| Select / deselect | 191 |  | 
| Select group hotkey | 174 |  | 
| Use ability | 38 |  | 
                1029 total
 » units 
                
                | Peasant | 12 |  | 
| Mortar Team | 4 |  | 
| Priest | 4 |  | 
| Sorceress | 1 |  | 
                21 total
 » upgrades
                » buildings
                
                | Altar of Kings | 1 |  | 
| Scout Tower | 4 |  | 
| Farm | 8 |  | 
| Lumber Mill | 1 |  | 
| Arcane Tower | 2 |  | 
| Guard Tower | 2 |  | 
| Keep | 1 |  | 
| Blacksmith | 1 |  | 
| Workshop | 1 |  | 
| Arcane Sanctum | 1 |  | 
| Arcane Vault | 1 |  | 
                23 total
 » build order
                00:07 Altar of Kings
00:22 Scout Tower
00:23 Farm
00:53 Lumber Mill
00:54 Arcane Tower
01:22 Farm
01:58 Scout Tower
02:26 Guard Tower
03:08 Keep
03:25 Scout Tower
03:33 Farm
03:52 Guard Tower
04:07 Blacksmith
04:16 Scout Tower
04:29 Farm
04:43 Arcane Tower
05:36 Workshop
05:43 Arcane Sanctum
05:48 Farm
05:58 Farm
08:45 Arcane Vault
09:00 Farm
09:02 Farm
» items
                 
                Chat log
          
(11:07 / All) NoKeyboard: gg